 Dungeon Crawl Stone Soup version 0.22-a0-425-g89d60a1 (webtiles) character file.

255 KristoblXynda the Chopper (level 5, 0/45 HPs)
             Began as a Deep Dwarf Gladiator on May 24, 2018.
             Killed by divine providence
             ... invoked by an orc priest
              (12 damage)
             ... on level 6 of the Dungeon.
             The game lasted 00:04:04 (2200 turns).

KristoblXynda the Chopper (Deep Dwarf Gladiator)    Turns: 2200, Time: 00:04:04

Health: 0/45       AC:  7    Str: 18    XL:     5   Next: 91%
Magic:  5/5        EV: 14    Int:  9    God:
Gold:   157        SH:  0    Dex: 14    Spells: 4/4 levels left

rFire    + . .     SeeInvis .   a - +0 war axe
rCold    . . .     Gourm    .   (no shield)
rNeg     . . .     Faith    .   t - +0 scale mail
rPois    .         Spirit   .   c - +0 helmet
rElec    .         Reflect  .   (no cloak)
rCorr    .         Harm     .   (no gloves)
MR       .....                  (no boots)
Stlth    ..........             (no amulet)
HPRegen  0.00/turn              s - +2 ring of evasion
MPRegen  0.09/turn              m - ring of protection from fire

@: non-regenerating
A: damage resistance, heal wounds, sense surroundings 1, no regeneration
a: Heal Wounds


You were on level 6 of the Dungeon.
You were not hungry.

You visited 1 branch of the dungeon, and saw 5 of its levels.

You collected 157 gold pieces.

Inventory:

Hand Weapons
 a - a +0 war axe (weapon)
Missiles
 d - 3 throwing nets (quivered)
Armour
 c - a +0 helmet (worn)
 t - a +0 scale mail (worn)
Jewellery
 m - a ring of protection from fire (right hand)
 s - a +2 ring of evasion (left hand)
Wands
 l - a wand of disintegration (11)
Scrolls
 b - 3 scrolls of teleportation {unknown}
 g - a scroll of magic mapping {unknown}
 h - a scroll of remove curse {unknown}
 j - 2 scrolls of enchant weapon {unknown}
 k - a scroll of amnesia {unknown}
 p - a scroll of random uselessness {unknown}
 q - a scroll of noise {unknown}
Potions
 e - a potion of flight
 i - a potion of cancellation {unknown}
 n - a potion of haste {unknown}
 o - a potion of mutation {unknown}
 r - a potion of curing
Comestibles
 f - 7 rations


   Skills:
 - Level 1.7 Fighting
 * Level 5.5 Axes
 - Level 3.0 Throwing
 + Level 1.3 Armour
 + Level 4.5 Dodging


You had 4 spell levels left.
You didn't know any spells.
Your spell library was empty.

Dungeon Overview and Level Annotations

Branches:
Dungeon (4/15)
 Temple: D:4-7

Altars:
Gozag
Hepliaklqana
Xom

Shops:
D:4 (


Innate Abilities, Weirdness & Mutations

You are resistant to damage.
You can heal yourself by infusing magical energy.
You passively map a small area around you.
You do not regenerate.


Message History

The orc hits you with a falchion.
You completely miss the orc priest. You closely miss the orc.
The orc priest misses you. The orc closely misses you.
You slash the orc priest!
The orc priest is heavily wounded.
You slash the orc!
You kill the orc!
The orc priest hits you with a trident.
* * * LOW HITPOINT WARNING * * *
You closely miss the orc priest.
The orc priest is heavily wounded.
The orc priest hits you with a trident.
You closely miss the orc priest.
The orc priest is heavily wounded.
The orc priest hits you with a trident.
You closely miss the orc priest.
The orc priest is heavily wounded.
The orc priest mumbles some strange prayers to Beogh against you.
Beogh smites you!
You die...

* , * #... , #...
, * , ... * * ...
* *.#* , . , **
#.#* .# .. * ..$ *
#.# #.# .. ,
#..o###)# ##.##.#
#..ooo@.## #..#..#
*
##.#####.###..#..#
* * #........##* ,
*, * ##.........#
, * #........#...,
,....#####..#* * *
.....* #..#* , **
#...#. ##.(##...
#..###,,
#.........


You could see an orc priest and 3 orcs.

Vanquished Creatures
  A centaur (D:3)
  An orc wizard (D:3)
  A worker ant zombie (D:3)
  6 adders
  3 worms
  A dart slug (D:1)
  2 leopard geckos
  5 orcs
  6 bats
  2 giant cockroaches (D:1)
  5 goblins
  5 hobgoblins
  2 quokkas
  2 ball pythons
  5 frilled lizards
  13 kobolds
  9 rats
69 creatures vanquished.

Notes
Turn   | Place    | Note
-------+----------+-------------------------------------------
     0 | D:1      | KristoblXynda the Deep Dwarf Gladiator began the quest for the Orb.
     0 | D:1      | Reached XP level 1. HP: 19/19 MP: 1/1
   222 | D:1      | Reached XP level 2. HP: 26/26 MP: 2/2
   799 | D:2      | Reached skill level 4 in Axes
   815 | D:2      | Reached XP level 3. HP: 28/32 MP: 3/3
   840 | D:2      | Found a shimmering altar of Xom.
  1074 | D:2      | Reached XP level 4. HP: 29/39 MP: 4/4
  1670 | D:3      | Reached skill level 5 in Axes
  1868 | D:3      | Found a faded altar of an unknown god.
  1886 | D:3      | Reached XP level 5. HP: 22/45 MP: 5/5
  1930 | D:3      | Found an opulent altar of Gozag.
  1932 | D:3      | Noticed a centaur
  1941 | D:3      | Killed a centaur
  1941 | D:3      | Reached skill level 1 in Armour
  1964 | D:3      | Found a hazy altar of Hepliaklqana.
  2147 | D:4      | Found Ycackov's Weapon Shop.
  2183 | D:4      | You fall through a shaft for 2 floors!
  2200 | D:6      | Killed from afar by an orc priest

Vault maps used:
D:1:      lightli_molten_gateway, serial_bayou_pond_e, minmay_pentomino_w4
D:2:      xom_teletrap_fun
D:3:      lemuel_crystal_altar, old_standard_altar,
          chequers_ecumenical_altar_simple
D:4:      serial_shops, shop, minmay_parallelograms, tso_altar, uniq_eustachio,
          uniq_ijyb
D:6:      kennysheep_mini, tgw_sif

Skill      XL: |  1  2  3  4  5 |
---------------+----------------+-----
Throwing       | 2 3 |  3.0
Axes           | 4 5 |  5.5
Dodging        | 4 |  4.5
Armour         | 1 |  1.3
Fighting       | |  1.7

Action                   |  1- 3 |  4- 6 || total
-------------------------+-------+-------++-------
Melee: War axe           |    92 |   101 ||   193
  Use: Scroll            |       |     2 ||     2
 Stab: Sleeping          |     1 |       ||     1
  Eat: Chunk             |     1 |     3 ||     4
Armor: Leather armour    |    43 |     7 ||    50
       Scale mail        |       |    20 ||    20
Dodge: Dodged            |    87 |    84 ||   171

Table legend:
 A = Spawn XP
 B = Non-spawn XP
 C = Spawn XP percentage of total XP
 D = Spawn monster count
 E = Non-spawn monster count
 F = Spawn count percentage of total count
 G = Total turns spent on level
                    A         B        C        D         E        F      G
               +---------+---------+-------+---------+---------+-------+---------
         Total |       0 |     365 |   0.0 |       0 |      69 |   0.0 |  2200
               +---------+---------+-------+---------+---------+-------+---------
           D:1 |       0 |      28 |   0.0 |       0 |      18 |   0.0 |   774
           D:2 |       0 |      76 |   0.0 |       0 |      22 |   0.0 |   789
           D:3 |       0 |     258 |   0.0 |       0 |      28 |   0.0 |   584
           D:6 |       0 |       3 |   0.0 |       0 |       1 |   0.0 |    17
               +---------+---------+-------+---------+---------+-------+---------
